 Dungeon Crawl Stone Soup version 0.31-a0-185-g9dded2c639 (webtiles) character file.

Game seed: 1148876435637552955

175 qw the Skirmisher (level 5, 0/29 HPs)
             Began as a Deep Elf Hunter on June 22, 2023.
             Succumbed to a scorpion's poison
             ... on level 5 of the Dungeon.
             The game lasted 00:00:40 (1769 turns).

qw the Skirmisher (Deep Elf Hunter)                 Turns: 1769, Time: 00:00:41

Health: 0/29       AC:  7    Str: 10    XL:     5   Next: 29%
Magic:  7/7        EV: 11    Int: 14    God:
Gold:   208        SH:  0    Dex: 18    Spells: 4/4 levels left

rFire   . . .        Y - +0 shortbow
rCold   . . .        (shield currently unavailable)
rNeg    . . .        h - +0 ring mail
rPois   .            d - +0 helmet
rElec   .            (no cloak)
rCorr   .            (no gloves)
SInv    .            f - +0 pair of boots
Will    .....        (no amulet)
Stlth   +            (no ring)
HPRegen 0.24/turn    (no ring)
MPRegen 0.10/turn

%: no passive effects
@: lethally poisoned (0 -> -2)
A: no striking features
a: no special abilities


You were on level 5 of the Dungeon.
You visited 1 branch of the dungeon, and saw 4 of its levels.

You collected 208 gold pieces.


   Skills:
 - Level 1.5 Fighting
 + Level 8.8 Ranged Weapons
 - Level 2.4 Dodging
 - Level 1.2 Stealth


You had 4 spell levels left.
You didn't know any spells.
Your spell library was empty.

Inventory:

Hand Weapons
 Y - a +0 shortbow (weapon)
Armour
 d - a +0 helmet (worn)
 f - a +0 pair of boots (worn)
 h - a +0 ring mail (worn)
Jewellery
 j - a ring of protection from fire
Scrolls
 a - a scroll of brand weapon {unknown}
 c - a scroll of teleportation {unknown}
Potions
 b - a potion of curing {unknown}
 e - a potion of haste {unknown}
 g - a potion of resistance {unknown}
 i - a potion of magic {unknown}

Dungeon Overview and Level Annotations

Branches:
Dungeon (3/15)

Altars:


Message History

You shoot an arrow. The arrow hits the scorpion.
The scorpion is moderately wounded.
The scorpion closely misses you.
The scorpion stings you but does no damage.
You shoot an arrow. The arrow closely misses the scorpion.
The scorpion stings you but does no damage.
You shoot an arrow. The arrow barely misses the scorpion.
The scorpion closely misses you.
The scorpion stings you but does no damage.
You shoot an arrow.
The arrow hits the scorpion but does no damage.
The scorpion is moderately wounded.
The scorpion stings you.
You shoot an arrow. The arrow barely misses the scorpion.
The scorpion misses you.
You shoot an arrow.
The arrow hits the scorpion but does no damage.
The scorpion is moderately wounded.
The scorpion barely misses you. The scorpion stings you.
You are poisoned.
The scorpion poisons you!
You shoot an arrow. The arrow hits the scorpion!
The scorpion is severely wounded.
You feel very sick. The scorpion stings you.
You shoot an arrow. The arrow hits the scorpion.
The scorpion is almost dead.
You feel sick. The scorpion misses you.
You shoot an arrow. The arrow barely misses the scorpion.
You feel sick.
The scorpion stings you but does no damage. x2
You shoot an arrow. The arrow hits the scorpion.
The scorpion is almost dead.
You feel sick. The scorpion stings you.
You shoot an arrow. The arrow hits the scorpion!
You kill the scorpion!
You feel sick.
You have reached level 5!
There is a lethal amount of poison in your body!
You die...

..## #. ..#.
#.. ... ....
..# #..#
..###...#
..#..#
#####...#
######....@#
#.........##
#..........#
#.........##
#............
#############


There were no monsters in sight!

Vanquished Creatures
  A scorpion (D:5)
  A hound (D:3)
  3 adders (D:2)
  A worm (D:2)
  5 bats
  3 endoplasms
  2 giant cockroaches (D:1)
  6 goblins
  9 hobgoblins
  2 jackals (D:1)
  2 quokkas
  3 ball pythons
  3 frilled lizards
  4 kobolds
  5 rats
50 creatures vanquished.

Notes
Turn   | Place    | Note
-------+----------+-------------------------------------------
     0 | D:1      | qw the Deep Elf Hunter began the quest for the Orb.
     0 | D:1      | Reached XP level 1. HP: 12/12 MP: 3/3
     0 | D:1      | 0 ||| qw: Version: 0.3-a-9-g12657ce
     0 | D:1      | 0 ||| qw: Game counter: 1895
     0 | D:1      | 0 ||| qw: Always use a shield: true
     0 | D:1      | 0 ||| qw: God list: Okawaru
     0 | D:1      | 0 ||| qw: Allow faded altars: false
     0 | D:1      | 0 ||| qw: Do Orc after D:15 true
     0 | D:1      | 0 ||| qw: Do second Lair branch before Depths: true
     0 | D:1      | 0 ||| qw: Lair rune preference: random
     0 | D:1      | 0 ||| qw: Plans: Normal
     0 | D:1      | 0 ||| PLANNING D:1-11
    89 | D:1      | Reached skill level 6 in Ranged Weapons
    89 | D:1      | Reached XP level 2. HP: 16/16 MP: 4/4
   338 | D:1      | Reached XP level 3. HP: 20/20 MP: 5/5
   440 | D:1      | 440 ||| UPGRADING to +0 scale mail.
   450 | D:1      | 450 ||| DROPPING +0 leather armour.
   451 | D:1      | 451 ||| UPGRADING to +0 ring mail.
   461 | D:1      | 461 ||| DROPPING +0 scale mail.
   462 | D:1      | 462 ||| READING scroll labelled PAZUOR KAVAIMI.
   463 | D:1      | 463 ||| READING scroll labelled FIEJUOSUMOR.
   464 | D:1      | 464 ||| DROPPING scroll of butterflies.
   548 | D:2      | Reached skill level 7 in Ranged Weapons
   566 | D:2      | 566 ||| DROPPING +1 sling of freezing.
   831 | D:2      | Reached XP level 4. HP: 23/25 MP: 6/6
  1109 | D:2      | 1109 ||| UPGRADING to +0 helmet.
  1114 | D:2      | 1114 ||| UPGRADING to +0 pair of boots.
  1119 | D:2      | 1119 ||| READING scroll labelled BIG XUQUIPP.
  1120 | D:2      | 1120 ||| READING scroll labelled FYMMEFEISU.
  1162 | D:3      | Reached skill level 8 in Ranged Weapons
  1745 | D:3      | You fall into a shaft and drop 2 floors!
  1745 | D:5      | Entered Level 5 of the Dungeon
  1754 | D:5      | Noticed a scorpion
  1765 | D:5      | HP: 6/25 [poisoned by a scorpion]
  1767 | D:5      | HP: 1/25 [scorpion (3)]
  1768 | D:5      | Killed a scorpion
  1769 | D:5      | Reached XP level 5. HP: 1/29 MP: 7/7
  1769 | D:5      | Succumbed to a scorpion's poison

Levels and vault maps discovered:
D:1:      minmay_arrival_nine_rooms, layout_rooms
D:2:      layout_loops_ring, serial_bayou_pond_d
D:3:      layout_loops_corners
D:5:      layout_basic, minmay_fractal_squares_gapless_5

Skill      XL: |  1  2  3  4 |
---------------+-------------+-----
Ranged Weapons | 6 7 8 |  8.8
Fighting       | |  1.5
Dodging        | |  2.4
Stealth        | |  1.2

Action                     |  1- 3 |  4- 6 || total
---------------------------+-------+-------++-------
   Fire: Shortbow          |    96 |    33 ||   129
    Use: Scroll            |     2 |     2 ||     4
 Armour: Leather armour    |     3 |       ||     3
         Ring mail         |     8 |     7 ||    15
  Dodge: Dodged            |    16 |     6 ||    22

Table legend:
 A = Non-vault XP
 B = Vault XP
 C = Vault XP percentage of total XP
 D = Non-vault monster count
 E = Vault monster count
 F = Vault count percentage of total count
                 A         B        C        D         E       F
            +---------+---------+-------+---------+---------+-------
      Total |     250 |       0 |   0.0 |      50 |       0 |   0.0
            +---------+---------+-------+---------+---------+-------
        D:1 |      43 |       0 |   0.0 |      26 |       0 |   0.0
        D:2 |      71 |       0 |   0.0 |      18 |       0 |   0.0
        D:3 |      48 |       0 |   0.0 |       5 |       0 |   0.0
        D:5 |      88 |       0 |   0.0 |       1 |       0 |   0.0
            +---------+---------+-------+---------+---------+-------
